AoeStats
← ASPROS

Arena

510434682Analyzed
1v1 RM · 2d ago on Oct 1, 2026· 65m 10s· 2 players
Game mode
Random Map
Map size
Tiny (2 player)
Population
200
Speed
Normal
Resources
Standard
Victory
Conquest
Starting age
Dark Age
Ending age
Imperial Age
RankedLock teamsTeams togetherTeam positionsShared explorationLock speedFull tech treeHidden civsTurbo modeCheats
Victory
Defeat
🇵🇪 Persians · Peru
983
+14
🇨🇱 Chinese · Chile
949
-14
gjdelcam
10:00 Feudal Age
10:30 Double-Bit Axe
16:50 Castle Age
14:56 Gold Mining
15:44 Horse Collar
17:00 Forging
16:51 Scale Mail Armor
17:39 Squires
17:25 Arson
18:45 Gold Shaft Mining
19:27 Bow Saw
21:04 Iron Casting
27:08 Stone Mining
31:47 Imperial Age
29:46 Padded Archer Armor
32:58 Conscription
32:45 Fletching
33:24 Ballistics
33:25 Bodkin Arrow
35:23 Wheelbarrow
35:13 Leather Archer Armor
36:09 Chain Mail Armor
38:05 Chemistry
37:07 Bracer
38:21 Ring Archer Armor
37:32 Heavy Rocket Cart
39:02 Plate Mail Armor
41:09 Elite Fire Lancer
46:13 Rocketry
48:09 Blast Furnace
47:15 Elite Chu Ko Nu
49:04 Loom
50:11 Masonry
54:55 Heavy Plow
61:31 Architecture
65:19 Two-Man Saw
65:57 Hand Cart
65:28 Town Watch
ASPROS
11:38 Feudal Age
15:45 Castle Age
14:17 Double-Bit Axe
15:05 Horse Collar
17:13 Wheelbarrow
35:19 Imperial Age
32:21 Pikeman
33:31 Hand Cart
34:22 Forging
34:32 Light Cavalry
35:25 Heavy Plow
35:18 Gold Mining
35:41 Bow Saw
36:16 Kamandaran
35:40 Crossbowman
35:40 Elite Skirmisher
36:44 Fletching
37:52 Scale Barding Armor
37:59 Thumb Ring
38:08 Bodkin Arrow
38:48 Iron Casting
38:10 Loom
39:10 Chain Barding Armor
39:04 Bloodlines
38:55 Husbandry
40:11 Chemistry
40:11 Crop Rotation
39:33 Town Watch
40:26 Ballistics
40:24 Onager
41:08 Cavalier
43:03 Blast Furnace
43:46 Plate Barding Armor
45:15 Capped Ram
46:28 Siege Ram
47:40 Scale Mail Armor
49:08 Chain Mail Armor
49:11 Heavy Scorpion
52:10 Squires
51:56 Arson
51:31 Halberdier
52:45 Plate Mail Armor
53:45 Two-Man Saw
53:54 Citadels
53:57 Masonry
54:24 Padded Archer Armor
54:36 Town Patrol
55:59 Hussar
Connection lost

Rejoining the realm…

Still unreachable

The connection could not be restored.

Session expired

The server has moved on; the page needs a fresh start.